 Dungeon Crawl Stone Soup version 0.28-a0-925-gd5e1996cdb (webtiles) character file.

Game seed: 7601646892099322237

1091 croobank the Chopper (level 8, -3/67 HPs)
             Began as a Gnoll Cinder Acolyte on Nov 26, 2021.
             Was a Priest of Ignis.
             Slain by a smoke demon (4 damage)
             ... summoned by a kobold demonologist
             ... on level 6 of the Dungeon on Nov 27, 2021.
             The game lasted 00:34:18 (6629 turns).

croobank the Chopper (Gnoll Cinder Acolyte)         Turns: 6629, Time: 00:34:19

Health: -3/67      AC:  0    Str: 13    XL:     8   Next: 31%
Magic:  0/14       EV: 11    Int: 13    God:    Ignis [***...]
Gold:   225        SH:  0    Dex: 11    Spells: 1/15 levels left

rFire   + . .      SeeInvis .   l - +0 trident
rCold   . . .      Faith    .   (no shield)
rNeg    . . .      Spirit   .   v - +0 ring mail
rPois   .          Reflect  .   (no helmet)
rElec   .          Harm     .   (no cloak)
rCorr   .          Rampage  .   s - +2 pair of gloves
Will    .....                   (no boots)
Stlth   +.........              (no amulet)
HPRegen 0.21/turn               (no ring)
MPRegen 0.14/turn               (no ring)

@: corroded, fiery-armoured
A: fangs 1, strong nose, distributed training
a: Renounce Religion, Fiery Armour, Foxfire Swarm, Rising Flame


You were on level 6 of the Dungeon.
You worshipped Ignis.
Ignis was most pleased with you.
You visited 1 branch of the dungeon, and saw 6 of its levels.

You collected 225 gold pieces.

Inventory:

Hand Weapons
 a - a +1 hand axe
 b - a +0 shortbow
 l - a +0 trident (weapon)
 u - a +0 hand axe of freezing
 w - a +0 short sword
Missiles
 c - 12 boomerangs
 f - 84 arrows
 g - 66 bolts
 h - 206 stones (quivered)
 q - 5 atropa-tipped darts
Armour
 j - a +1 robe of fire resistance
 m - a +0 plate armour
 s - a +2 pair of gloves (worn)
 v - a +0 ring mail (worn)
 z - a +0 chain mail
Wands
 t - a wand of digging (6)
Scrolls
 d - a scroll of magic mapping
 x - a scroll of identify {unknown}
Potions
 e - a potion of degeneration
 i - 2 potions of attraction {unknown}
 n - 3 potions of curing {unknown}
 o - 2 potions of heal wounds {unknown}
 p - 2 potions of berserk rage {unknown}
 r - a potion of might {unknown}


   Skills:
 + Level 7.3 Fighting
 + Level 3.1 Short Blades
 + Level 3.1 Long Blades
 + Level 7.3 Axes
 + Level 3.1 Maces & Flails
 + Level 3.1 Polearms
 + Level 3.1 Staves
 + Level 3.1 Slings
 + Level 3.1 Bows
 + Level 3.1 Crossbows
 + Level 3.1 Throwing
 + Level 3.1 Armour
 + Level 3.1 Dodging
 + Level 3.1 Stealth
 + Level 3.1 Shields
 + Level 3.1 Unarmed Combat
 + Level 4.3 Spellcasting
 + Level 2.5 Conjurations
 + Level 2.5 Hexes
 + Level 2.5 Summonings
 + Level 2.5 Necromancy
 + Level 2.5 Translocations
 + Level 2.5 Transmutations
 + Level 6.1 Fire Magic
 + Level 2.5 Ice Magic
 + Level 2.5 Air Magic
 + Level 2.5 Earth Magic
 + Level 2.5 Poison Magic
 + Level 3.5 Invocations
 + Level 3.1 Evocations


You had one spell level left.
You knew the following spells:

 Your Spells              Type           Power      Damage    Failure   Level
a - Scorch                Fire           36%        2d7       4%          2
b - Slow                  Hex            36%        N/A       14%         1
c - Confusing Touch       Hex            9%         N/A       41%         3
d - Vampiric Draining     Necr           9%         2d6       41%         3
e - Pain                  Necr           36%        1d5       14%         1
f - Petrify               Tmut/Erth      9%         N/A       82%         4

Your spell library contained the following spells:

 Spells                   Type           Power      Damage    Failure   Level
 Agony                    Necr           9%         N/A       99%         5
 Excruciating Wounds      Necr           4%         N/A       99%         5
 Metabolic Englaciation   Hex/Ice        4%         N/A       99%         5
 Statue Form              Tmut/Erth      6%         N/A       100%        6


Dungeon Overview and Level Annotations

Branches:
Dungeon (6/15)
 Temple: D:4-7

Altars:
Elyvilon
Makhleb
Ru
Beogh

Shops:
D:1 =

Annotations:
D:3 3 runed translucent doors, sirJeffrey23's ghost, amateur DsGl


Innate Abilities, Weirdness & Mutations

You have very sharp teeth.
Your uncanny sense of smell can sniff out nearby items.
Your experience applies equally to all skills.


Message History

The kobold demonologist's fire resistance burns away.
The kobold demonologist closely misses you.
The rust devil hits you. The rust devil corrodes you!
The crimson imp closely misses you.
Casting: Scorch (safe; 4% risk of failure)
Confirm with . or Enter, or press ? or * to list all spells.
You don't have enough magic to cast this spell.
l - a +0 trident (weapon)
The kobold demonologist barely misses you.
The rust devil hits you!
* * * LOW HITPOINT WARNING * * *
The rust devil corrodes you!
You closely miss the kobold demonologist.
You bite the kobold demonologist, but do no damage.
The kobold demonologist is almost dead.
The crimson imp hits you.
* * * LOW HITPOINT WARNING * * *
The kobold demonologist casts a spell.
The rust devil barely misses you.
Okay, then.
A protective cloak of flame settles atop you.
The kobold demonologist is no longer more vulnerable to fire.
The crimson imp hits you.
* * * LOW HITPOINT WARNING * * *
The crimson imp completely resists.
The kobold demonologist looks satisfied for a moment.
The rust devil hits you!
* * * LOW HITPOINT WARNING * * *
The rust devil corrodes you! The smoke demon misses you.
The smoke demon hits you.
* * * LOW HITPOINT WARNING * * *
The smoke demon completely resists.
The smoke demon hits you.
* * * LOW HITPOINT WARNING * * *
The smoke demon resists.
The smoke demon is burned by your cloak of flames.
The smoke demon is lightly wounded.
Flames leap up around you! The crimson imp barely misses you.
The kobold demonologist miscasts a cantrip.
The rust devil hits you. The rust devil corrodes you! The smoke demon hits you.
You die...

####.######
#.##......#
#.....###.# #
#.###.# #.# ∆ .#
#.# #.# #.# ## #Z
#.# #.# #.# (#5 #.#
#.###.## ∆#K#
∆#.###.#<...#
##@#####.....######
#345v.##.#####
#####....# ######


You could see a rust devil (summoned), a kobold demonologist, a smoke demon
(summoned), a quasit (summoned), a crimson imp (summoned, ally target) and a
hornet zombie.

Vanquished Creatures
  An orc warrior (D:3)
  3 ogres (D:4)
  2 centaurs
  A wyvern zombie (D:5)
  A scorpion (D:5)
  A water moccasin skeleton (D:5)
  A howler monkey (D:4)
  An orc priest (D:4)
  A hound (D:3)
  Jessica (D:2)
  2 iguanas
  Ijyb (D:5)
  An orc wizard (D:4)
  Natasha (thrice) (D:2)
  A hound skeleton (D:5)
  3 adders
  An adder skeleton (D:4)
  7 orcs
  6 bats
  7 endoplasms
  3 giant cockroaches
  6 goblins
  5 hobgoblins
  8 kobolds
  5 quokkas
  10 ball pythons
  A frilled lizard (D:3)
  4 rats
87 creatures vanquished.

Vanquished Creatures (others)
  38 foxfires
38 creatures vanquished.

Grand Total: 125 creatures vanquished

Notes
Turn   | Place    | Note
-------+----------+-------------------------------------------
     0 | D:1      | croobank the Gnoll Cinder Acolyte began the quest for the
                  | Orb.
     0 | D:1      | Reached XP level 1. HP: 23/23 MP: 4/4
   276 | D:1      | Reached XP level 2. HP: 18/29 MP: 5/5
   401 | D:1      | Learned a level 2 spell: Scorch
   646 | D:1      | Found Loceown's Jewellery Boutique.
   960 | D:1      | Found a faded altar of an unknown god.
  1189 | D:2      | Noticed Jessica
  1191 | D:2      | Killed Jessica
  1192 | D:2      | Reached skill level 1 in Invocations
  1192 | D:2      | Reached XP level 3. HP: 35/35 MP: 1/7
  1395 | D:2      | Reached skill level 1 in Short Blades
  1395 | D:2      | Reached skill level 1 in Long Blades
  1395 | D:2      | Reached skill level 1 in Maces & Flails
  1395 | D:2      | Reached skill level 1 in Polearms
  1395 | D:2      | Reached skill level 1 in Staves
  1395 | D:2      | Reached skill level 1 in Slings
  1395 | D:2      | Reached skill level 1 in Bows
  1395 | D:2      | Reached skill level 1 in Crossbows
  1395 | D:2      | Reached skill level 1 in Throwing
  1395 | D:2      | Reached skill level 1 in Armour
  1395 | D:2      | Reached skill level 1 in Dodging
  1395 | D:2      | Reached skill level 1 in Stealth
  1395 | D:2      | Reached skill level 1 in Shields
  1395 | D:2      | Reached skill level 1 in Unarmed Combat
  1395 | D:2      | Reached skill level 1 in Evocations
  1395 | D:2      | Reached XP level 4. HP: 41/41 MP: 5/8
  1410 | D:2      | Noticed Natasha
  1423 | D:2      | Killed Natasha
  1748 | D:2      | Reached skill level 1 in Conjurations
  1748 | D:2      | Reached skill level 1 in Hexes
  1748 | D:2      | Reached skill level 1 in Summonings
  1748 | D:2      | Reached skill level 1 in Necromancy
  1748 | D:2      | Reached skill level 1 in Translocations
  1748 | D:2      | Reached skill level 1 in Transmutations
  1748 | D:2      | Reached skill level 1 in Ice Magic
  1748 | D:2      | Reached skill level 1 in Air Magic
  1748 | D:2      | Reached skill level 1 in Earth Magic
  1748 | D:2      | Reached skill level 1 in Poison Magic
  1898 | D:2      | Noticed Natasha
  1937 | D:2      | Killed Natasha
  1938 | D:2      | Reached XP level 5. HP: 22/47 MP: 4/9
  2212 | D:2      | Noticed Natasha
  2216 | D:2      | Killed Natasha
  2293 | D:2      | Learned a level 1 spell: Slow
  2297 | D:2      | Learned a level 3 spell: Confusing Touch
  2301 | D:2      | Learned a level 3 spell: Vampiric Draining
  2761 | D:3      | Found a runed translucent gate.
  2761 | D:3      | Found a runed translucent gate.
  2761 | D:3      | Found a runed translucent gate.
  2762 | D:3      | Noticed sirJeffrey23's ghost (amateur DsGl)
  3165 | D:3      | Found a sacrificial altar of Ru.
  3183 | D:3      | Learned a level 1 spell: Pain
  3299 | D:3      | Noticed an orc warrior
  3343 | D:3      | Killed an orc warrior
  3344 | D:3      | Reached XP level 6. HP: 13/53 MP: 5/11
  4116 | D:4      | Reached XP level 7. HP: 46/59 MP: 5/12
  5030 | D:5      | Entered Level 5 of the Dungeon
  5600 | D:5      | Reached XP level 8. HP: 62/67 MP: 7/14
  5648 | D:5      | Noticed Ijyb
  5655 | D:5      | Killed Ijyb
  5766 | D:5      | Found a large runed translucent door.
  5766 | D:5      | Found a large runed translucent door.
  5829 | D:5      | Found a white marble altar of Elyvilon.
  6025 | D:5      | Found a burning altar of Makhleb.
  6124 | D:5      | Learned a level 4 spell: Petrify
  6610 | D:6      | Noticed a kobold demonologist
  6618 | D:6      | Noticed a rust devil
  6628 | D:6      | Noticed a smoke demon
  6628 | D:6      | HP: 3/67 [smoke demon[a kobold demonologist] (1)]
  6628 | D:6      | HP: 1/67 [smoke demon[a kobold demonologist] (2)]
  6629 | D:6      | Slain by a smoke demon

Illustrated notes

Levels and vault maps discovered:
D:1:      saegor_arrival_simple_c, layout_loops_ring, serial_shops,
          nicolae_shop_waterfront, shapermc_ecumenical_altar_hornbeckon
D:2:      layout_loops_ring, uniq_jessica, uniq_natasha
D:3:      layout_rooms, lemuel_doored_altar, biasface_ghost_orc_armoury
D:4:      kb_forest_paths, layout_basic
D:5:      layout_rooms, jmf_multi_god_temple2, kennysheep_generic_room_9,
          uniq_ijyb
D:6:      minmay_cornered_nines, layout_basic, slow_altar_2,
          nemelex_spade_bored_becter, overflow_temple_1_default

Skill      XL: |  1  2  3  4  5  6  7  8 |
---------------+-------------------------+-----
Invocations    | 1 2 3 |  3.5
Short Blades   | 1 2 3 |  3.1
Long Blades    | 1 2 3 |  3.1
Maces & Flails | 1 2 3 |  3.1
Polearms       | 1 2 3 |  3.1
Staves         | 1 2 3 |  3.1
Slings         | 1 2 3 |  3.1
Bows           | 1 2 3 |  3.1
Crossbows      | 1 2 3 |  3.1
Throwing       | 1 2 3 |  3.1
Armour         | 1 2 3 |  3.1
Dodging        | 1 2 3 |  3.1
Stealth        | 1 2 3 |  3.1
Shields        | 1 2 3 |  3.1
Unarmed Combat | 1 2 3 |  3.1
Evocations     | 1 2 3 |  3.1
Spellcasting   | 3 4 |  4.3
Conjurations   | 1 2 |  2.5
Hexes          | 1 2 |  2.5
Summonings     | 1 2 |  2.5
Necromancy     | 1 2 |  2.5
Translocations | 1 2 |  2.5
Transmutations | 1 2 |  2.5
Ice Magic      | 1 2 |  2.5
Air Magic      | 1 2 |  2.5
Earth Magic    | 1 2 |  2.5
Poison Magic   | 1 2 |  2.5
Fighting       | 7 |  7.3
Axes           | 7 |  7.3
Fire Magic     | 6 |  6.1

Action                   |  1- 3 |  4- 6 |  7- 9 || total
-------------------------+-------+-------+-------++-------
Melee: Hand axe          |    23 |    63 |    59 ||   145
       Bite              |       |     6 |     4 ||    10
       Punch             |       |       |     1 ||     1
       Trident           |       |       |     1 ||     1
 Fire: Shortbow          |       |       |     2 ||     2
 Cast: Scorch            |    14 |    47 |    52 ||   113
       Confusing Touch   |       |     1 |     1 ||     2
       Pain              |       |       |     3 ||     3
       Slow              |       |       |     4 ||     4
Invok: Foxfire Swarm     |       |     3 |     1 ||     4
       Fiery Armour      |       |       |     2 ||     2
  Use: Scroll            |     3 |     4 |     3 ||    10
       Potion            |     3 |     1 |       ||     4
 Stab: Sleeping          |       |     2 |       ||     2
Armor: Robe              |    10 |    23 |     6 ||    39
       Ring mail         |       |       |    19 ||    19
Dodge: Dodged            |    15 |    51 |    65 ||   131

Table legend: (Time is in decaauts)
 A = Elapsed time spent in this place.
 B = Non-inter-level travel time spent in this place.
 C = Inter-level travel time spent in this place.
 D = Time resting spent in this place.
 E = Time spent auto-exploring this place.
 F = Levels seen in this place.
 G = Mean time per level.
                   A        B        C        D        E       F      G
               +--------+--------+--------+--------+--------+-----+--------+
         Total |   6637 |   6335 |    302 |   1972 |   3312 |   6 | 1106.2 |
       Dungeon |   6637 |   6335 |    302 |   1972 |   3312 |   6 | 1106.2 |
               +--------+--------+--------+--------+--------+-----+--------+

Top non-repeatable levels by time:
     D:2: 1616 daAuts
     D:4: 1493 daAuts
     D:3: 1267 daAuts
     D:5: 1107 daAuts
     D:1: 1092 daAuts
     D:6: 60 daAuts
